 Dungeon Crawl Stone Soup version 0.25-a0-502-g6516661a7a (webtiles) character file.

Game seed: 16871478339896929595, levelgen mode: deterministic

180 mopl the Bolt Thrower (level 5, -2/46 HPs)
             Began as a Minotaur Hunter on Feb 12, 2020.
             Slain by a worker ant (4 damage)
             ... on level 4 of the Dungeon.
             The game lasted 00:02:39 (1924 turns).

mopl the Bolt Thrower (Minotaur Hunter)             Turns: 1924, Time: 00:02:39

Health: -2/46      AC: 15    Str: 16 (18) XL:     5   Next: 33%
Magic:  4/4        EV: 10    Int:  5 (8)  God:
Gold:   104        SH:  0    Dex:  7 (10) Spells: 4/4 levels left

rFire    . . .     SeeInvis .   b - +2 mace (protect)
rCold    . . .     Gourm    .   (no shield)
rNeg     . . .     Faith    .   i - +0 scale mail
rPois    .         Spirit   .   (helmet restricted)
rElec    .         Reflect  .   (no cloak)
rCorr    .         Harm     .   (no gloves)
MR       .....                  e - +0 pair of boots
Stlth    ..........             (no amulet)
HPRegen  0.15/turn              (no ring)
MPRegen  0.09/turn              (no ring)

@: protection aura
A: retaliatory headbutt, horns 2
a: no special abilities


You were on level 4 of the Dungeon.
You were not hungry.

You visited 1 branch of the dungeon, and saw 4 of its levels.

You collected 104 gold pieces.

Inventory:

Hand Weapons
 a - a +1 hand crossbow
 b - a +2 mace of protection (weapon)
Missiles
 d - 33 bolts
 f - 4 atropa-tipped darts
 r - 8 boomerangs
 t - 21 poisoned darts (quivered)
Armour
 e - a +0 pair of boots (worn)
 i - a +0 scale mail (worn)
Scrolls
 h - 3 scrolls of enchant weapon {unknown}
 j - a scroll of fear {unknown}
 m - a scroll of identify {unknown}
 p - 2 scrolls of remove curse {unknown}
Potions
 g - a potion of flight
 k - a potion of agility {unknown}
 l - 2 potions of curing
 s - a potion of haste
Comestibles
 c - 8 rations
 o - a chunk of flesh


   Skills:
 + Level 4.3 Fighting
 + Level 5.5 Crossbows
 + Level 3.3 Armour
 - Level 2.1 Dodging
 - Level 0.7 Stealth


You had 4 spell levels left.
You didn't know any spells.
Your spell library was empty.

Dungeon Overview and Level Annotations

Branches:
Dungeon (4/15)
 Temple: D:4-7

Altars:
Makhleb
Nemelex Xobeh

Annotations:
D:3 Sigmund


Innate Abilities, Weirdness & Mutations

You reflexively headbutt those who attack you in melee.
You have a pair of horns on your head.


Message History

The worker ant bites you.
* * * LOW HITPOINT WARNING * * *
The orc wizard hits you with a +0 dagger.
* * * LOW HITPOINT WARNING * * *
It was a potion of degeneration.
There was something very wrong with that liquid.
You feel weakened.
You feel dopey.
You feel clumsy. The worker ant closely misses you.
The orc priest closely misses you. You furiously retaliate!
You headbutt the orc priest. The orc wizard closely misses you.
It was a potion of cancellation.
Your magical effects are unravelling.
You feel magically purged.
You float gracefully downwards.
The orc wizard closely misses you.
The worker ant waves its antennae.
The worker ant closely misses you. You furiously retaliate!
You headbutt the worker ant!
The orc priest calls down the wrath of Beogh upon you.
You barely resist. The worker ant bites you.
You die...

#........ #####.......
......##..#
.......#..##############
.........ooooo..........
.......<.o######.......#
..........# #.......#
.........o# ####{......#
............#o@oo......#
........##...a##.......#
.......................#
........#....o#........#
.......##.....##....####
#..#.#. ##...# ..##.##
#..# .# .. .##


You could see a worker ant, 3 orc priests and an orc wizard.

Vanquished Creatures
  A phantom (D:2)
  A worker ant (D:4)
  2 adders (D:3)
  A worm (D:2)
  A dart slug (D:1)
  A leopard gecko (D:3)
  4 orcs (D:4)
  2 giant cockroaches (D:1)
  8 goblins
  5 hobgoblins
  4 jackals (D:2)
  A quokka (D:2)
  6 bats
  3 frilled lizards
  3 kobolds
  2 rats
45 creatures vanquished.

Notes
Turn   | Place    | Note
-------+----------+-------------------------------------------
     0 | D:1      | mopl the Minotaur Hunter began the quest for the Orb.
     0 | D:1      | Reached XP level 1. HP: 18/18 MP: 0/0
   253 | D:1      | Reached skill level 1 in Armour
   262 | D:1      | Reached XP level 2. HP: 25/25 MP: 1/1
   926 | D:2      | Reached skill level 3 in Fighting
  1049 | D:2      | Found a faded altar of an unknown god.
  1097 | D:2      | Noticed a phantom
  1126 | D:2      | Killed a phantom
  1126 | D:2      | Reached skill level 5 in Crossbows
  1126 | D:2      | Reached skill level 2 in Armour
  1126 | D:2      | Reached XP level 3. HP: 16/33 MP: 2/2
  1126 | D:2      | Reached XP level 4. HP: 20/40 MP: 3/3
  1292 | D:2      | Found a burning altar of Makhleb.
  1446 | D:2      | Found a sparkling altar of Nemelex Xobeh.
  1644 | D:3      | Reached skill level 4 in Fighting
  1644 | D:3      | Reached skill level 3 in Armour
  1655 | D:3      | Reached XP level 5. HP: 39/46 MP: 4/4
  1860 | D:3      | Noticed Sigmund
  1922 | D:4      | HP: 1/46 [orc wizard/+0 dagger (2)]
  1924 | D:4      | Slain by a worker ant

Levels and vault maps discovered:
D:1:      lightli_arrival_flooded_house, layout_basic,
          minmay_misc_feat_enclosed, serial_bayou_pond_d
D:2:      layout_loops_ring, lemuel_round_altar, old_standard_altar,
          chequers_ecumenical_altar_island, dk_noncrumbling_2
D:3:      layout_basic, tgw_xom, uniq_sigmund
D:4:      cheibrodos_old_hovel, layout_rooms, marbit_many_paths,
          minmay_temple_entry_waves, first_ration, uniq_grinder

Skill      XL: |  1  2  3  4 |
---------------+-------------+-----
Armour         | 1 2 3 |  3.3
Fighting       | 3 4 |  4.3
Crossbows      | 5 |  5.5
Dodging        | |  2.1
Stealth        | |  0.7

Action                   |  1- 3 |  4- 6 || total
-------------------------+-------+-------++-------
Melee: Short sword       |    20 |       ||    20
       Headbutt          |     7 |     1 ||     8
       Mace              |    36 |    54 ||    90
       Hand crossbow     |       |     1 ||     1
 Fire: Hand crossbow     |       |     3 ||     3
  Use: Potion            |       |     4 ||     4
  Eat: Chunk             |     1 |     2 ||     3
Armor: Scale mail        |    30 |    53 ||    83
Dodge: Dodged            |    31 |    66 ||    97

Table legend:
 A = Non-vault XP
 B = Vault XP
 C = Vault XP percentage of total XP
 D = Non-vault monster count
 E = Vault monster count
 F = Vault count percentage of total count
                 A         B        C        D         E       F
            +---------+---------+-------+---------+---------+-------
      Total |     258 |       0 |   0.0 |      45 |       0 |   0.0
            +---------+---------+-------+---------+---------+-------
        D:1 |      24 |       0 |   0.0 |      14 |       0 |   0.0
        D:2 |     146 |       0 |   0.0 |      14 |       0 |   0.0
        D:3 |      43 |       0 |   0.0 |      11 |       0 |   0.0
        D:4 |      45 |       0 |   0.0 |       6 |       0 |   0.0
            +---------+---------+-------+---------+---------+-------
